 Dungeon Crawl Stone Soup version 0.23-a0-635-g88ca12a (webtiles) character file.

112 DogShitOnMyToe the Grasshopper (level 5, -4/38 HPs)
             Began as a Human Wanderer on Dec 28, 2018.
             Killed from afar by an orc wizard (10 damage)
             ... with a magic dart
             ... on level 2 of the Dungeon.
             The game lasted 00:09:26 (3239 turns).

DogShitOnMyToe the Grasshopper (Human Wanderer)     Turns: 3239, Time: 00:09:26

Health: -4/38      AC:  2    Str: 10 (12) XL:     5   Next: 16%
Magic:  7/7        EV: 18    Int: 10 (11) God:
Gold:   193        SH:  0    Dex: 19 (20) Spells: 5/7 levels left

rFire    . . .     SeeInvis .   i - +0 dagger
rCold    . . .     Gourm    .   (no shield)
rNeg     . . .     Faith    +   e - +0 robe
rPois    .         Spirit   .   (no helmet)
rElec    .         Reflect  .   (no cloak)
rCorr    .         Harm     .   (no gloves)
MR       .....                  (no boots)
Stlth    +++.......             q - amulet of faith (curse)
HPRegen  0.12/turn              (no ring)
MPRegen  0.10/turn              (no ring)

@: agile, slowed, very slow
A: no striking features
a: no special abilities


You were on level 2 of the Dungeon.
You were not hungry.

You visited 1 branch of the dungeon, and saw 3 of its levels.

You collected 193 gold pieces.

Inventory:

Hand Weapons
 a - a +0 hunting sling
 b - a +0 hand crossbow
 h - a +0 club
 i - a +0 dagger (weapon)
Missiles
 c - 24 bolts
 g - 61 stones (quivered)
 m - a throwing net
 v - 24 poisoned needles
Armour
 e - a +0 robe (worn)
 r - a +0 helmet
 w - a +0 robe of cold resistance
Jewellery
 q - a cursed amulet of faith (around neck)
Scrolls
 d - 2 scrolls of teleportation
 j - 2 scrolls of fear {unknown}
 k - 3 scrolls of identify {unknown}
 n - a scroll of enchant weapon {unknown}
 o - 3 scrolls of remove curse {unknown}
 u - a scroll of enchant armour {unknown}
 x - a scroll of fog {unknown}
Potions
 p - a potion of degeneration
 t - a potion of heal wounds {unknown}
 z - a potion of ambrosia {unknown}
Comestibles
 f - 6 rations


   Skills:
 - Level 2.1 Fighting
   Level 2.0 Axes
 * Level 1.5(1.7) Slings
 - Level 1.0(1.4) Throwing
 - Level 2.0 Armour
 - Level 2.1 Dodging
 - Level 1.5 Spellcasting
   Level 1.0 Necromancy
 + Level 2.5 Translocations
   Level 1.0 Evocations


You had 5 spell levels left.
You knew the following spells:

 Your Spells              Type           Power        Failure   Level  Hunger
a - Blink                 Tloc           N/A          19%         2    ###....

Your spell library contained the following spells:

 Spells                   Type           Power        Failure   Level  Hunger
 Shroud of Golubria       Chrm/Tloc      #.........   30%         2    ###....
 Gell's Gravitas          Tloc           #.........   34%         3    ####...
 Lesser Beckoning         Tloc           #.........   34%         3    ####...
 Teleport Other           Tloc           #.......     34%         3    ####...
 Passage of Golubria      Tloc           N/A          75%         4    #####..


Dungeon Overview and Level Annotations

Branches:
Dungeon (3/15)

Altars:
Nemelex Xobeh


Message History

It was a potion of degeneration.
There was something very wrong with that liquid.
You feel weakened.
You feel dopey.
You feel clumsy. The orc wizard barely misses you.
The orc wizard casts a spell at you.
You feel as though you will be slow longer.
The orc wizard barely misses you.
It was a potion of agility.
You feel agile all of a sudden.
The orc wizard points at you and mumbles some strange words.
The magic dart hits you!
* * * LOW HITPOINT WARNING * * *
The orc wizard mumbles some strange words.
The orc wizard blinks!
You feel better. The orc wizard casts a spell at you. The magic dart hits you!
You die...

#.####.# #......#####
#####.)....#
####...### #
##.......#
#####..#####.##
##<...## #..####
##.#### ##....### ...#
####@((# ..## ###.###
..## #.o.# #..######
#########.#
##......####.........#
######.#....#########
#.<.#### #####


You could see an orc wizard.

Vanquished Creatures
  3 adders
  An ooze (D:2)
  A dart slug (D:2)
  2 leopard geckos
  6 orcs (D:3)
  A ball python (D:3)
  A giant cockroach (D:3)
  11 goblins
  12 hobgoblins
  5 jackals (D:2)
  A quokka (D:2)
  6 bats
  4 frilled lizards
  5 kobolds
  6 rats
65 creatures vanquished.

Notes
Turn   | Place    | Note
-------+----------+-------------------------------------------
     0 | D:1      | DogShitOnMyToe the Human Wanderer began the quest for the
                  | Orb.
     0 | D:1      | DogShitOnMyToe set off with the following items: a +0 hand
                  | crossbow, 26 bolts, a scroll of teleportation, a +0 robe, a
                  | ration; and the following spells available to memorise:
                  | Blink, Shroud of Golubria, Gell's Gravitas, Lesser
                  | Beckoning, Teleport Other, Passage of Golubria
     0 | D:1      | Reached XP level 1. HP: 15/15 MP: 1/1
   369 | D:1      | Reached XP level 2. HP: 21/21 MP: 2/2
   436 | D:1      | Found a sparkling altar of Nemelex Xobeh.
   569 | D:1      | Reached skill level 1 in Dodging
   889 | D:1      | Reached skill level 1 in Spellcasting
  1033 | D:1      | Reached XP level 3. HP: 27/27 MP: 4/4
  1227 | D:2      | HP: 13/27 [adder (2)]
  1233 | D:2      | HP: 12/27 [poisoned by an adder]
  1421 | D:2      | Reached skill level 2 in Fighting
  1552 | D:2      | Reached XP level 4. HP: 33/33 MP: 6/6
  1733 | D:2      | Learned a level 2 spell: Blink
  2011 | D:2      | Reached skill level 2 in Dodging
  2264 | D:3      | Reached skill level 1 in Slings
  2313 | D:3      | HP: 16/33 [adder (3)]
  2315 | D:3      | Reached XP level 5. HP: 17/38 MP: 7/7
  2318 | D:3      | HP: 16/38 [poisoned by an adder]
  2325 | D:3      | HP: 15/38 [poisoned by an adder]
  2333 | D:3      | HP: 14/38 [poisoned by an adder]
  2684 | D:3      | HP: 18/38 [worm (7)]
  3221 | D:2      | HP: 16/38 [orc wizard/magic dart (10)]
  3231 | D:2      | HP: 15/38 [orc wizard/+0 dagger (3)]
  3234 | D:2      | HP: 7/38 [orc wizard/+0 dagger (5)]
  3238 | D:2      | HP: 1/38 [orc wizard/magic dart (6)]
  3239 | D:2      | Killed from afar by an orc wizard

Vault maps used:
D:1:      lightli_arrival_chessboard, nemelex_xobeh_ov_fountains_minmay
D:2:      serial_curves, eino_curves_04, eino_curves_03
D:3:      nicolae_overflow_crystal_walls

Skill      XL: |  1  2  3  4 |
---------------+-------------+-----
Dodging        | 1 2 |  2.1
Spellcasting   | 1 |  1.5
Fighting       | 2 |  2.1
Slings         | 1 |  1.5
Axes           | |  2.0
Throwing       | |  1.0
Armour         | |  2.0
Necromancy     | |  1.0
Translocations | |  2.5
Evocations     | |  1.0

Action                   |  1- 3 |  4- 6 || total
-------------------------+-------+-------++-------
Melee: Club              |     1 |       ||     1
       Dagger            |       |    12 ||    12
 Fire: Hand crossbow     |    11 |       ||    11
       Hunting sling     |   102 |   162 ||   264
Throw: Stone             |     4 |       ||     4
       Throwing net      |       |     1 ||     1
  Use: Potion            |       |     4 ||     4
  Eat: Chunk             |     2 |     5 ||     7
Armor: Robe              |     6 |     7 ||    13
Dodge: Dodged            |    41 |    55 ||    96

Table legend:
 A = Non-vault XP
 B = Vault XP
 C = Vault XP percentage of total XP
 D = Non-vault monster count
 E = Vault monster count
 F = Vault count percentage of total count
                 A         B        C        D         E       F
            +---------+---------+-------+---------+---------+-------
      Total |     160 |       0 |   0.0 |      65 |       0 |   0.0
            +---------+---------+-------+---------+---------+-------
        D:1 |      31 |       0 |   0.0 |      21 |       0 |   0.0
        D:2 |      65 |       0 |   0.0 |      26 |       0 |   0.0
        D:3 |      64 |       0 |   0.0 |      18 |       0 |   0.0
            +---------+---------+-------+---------+---------+-------
